Map: Overgrown Facility

Players

Ekelpack

  • Race: Zerg Zerg
  • Spawn Location: 3:00

Nyck

  • Race: Terran Terran
  • League: Silver
  • Spawn Location: 1:00

ShenZu

  • Race: Protoss Protoss
  • Spawn Location: 9:00

atFree

  • Race: Terran Terran
  • Spawn Location: 7:00

VOD

Have the link to the VOD?

Description

Time

  • Played on: Oct. 29, 2024, 12:50 p.m.
  • Length: 5:56
Show
View Real Time Build Order
Export as new Build Order

Ekelpack Zerg 

Build Orders: Hatch First 

Get SALT Encoding   

  12  0:01  Drone  
  13  0:13  Overlord  
  13  0:18  Drone  
  14  0:32  Drone  
  15  0:47  Hatchery  
  14  0:50  Drone  
  15  1:07  Spawning Pool  
  15  1:10  Drone  
  15  1:13  Extractor  
  15  1:16  Drone  
  15  1:20  Drone  
  15  1:24  Drone  
  17  1:32  Drone  
  18  1:46  Drone  
  19  1:53  Queen  
  21  2:00  Queen  
  23  2:03  Drone  
  24  2:12  Overlord  
  25  2:15  Drone  
  25  2:18  Drone  
  26  2:29  Lair  
  26  2:33  Drone  
  27  2:40  Drone x3  
  30  2:45  Drone  
  30  2:46  Extractor  
  30  2:47  Drone  
  31  2:52  Drone  
  32  2:59  Drone  
  32  3:02  Overlord  
  33  3:06  Drone x3  
  36  3:26  Extractor  
  35  3:30  Drone x3  
  35  3:32  Extractor  
  37  3:36  Spire  
  37  3:40  Drone x3  
  37  3:41  Drone  
  40  3:43  Queen  
  40  3:45  Overlord  
  42  3:52  Drone x2  
  44  3:59  Overlord  
  44  4:04  Drone  
  44  4:06  Drone  
  44  4:09  Metabolic Boost  
  46  4:22  Zergling x2  
  46  4:23  Zergling x14  
  46  4:24  Zergling x2  
  55  4:51  Mutalisk x2  
  59  4:53  Overlord  
  59  4:57  Zergling x2  
  59  4:59  Overlord  
  45  5:19  Mutalisk x4  
  38  5:27  Zergling x2, Mutalisk x3  
Show
View Real Time Build Order
Export as new Build Order

Nyck Terran 

Build Orders:  

Get SALT Encoding   

  12  0:00  SCV  
  13  0:12  SCV  
  14  0:19  Supply Depot  
  14  0:24  SCV  
  15  0:41  SCV  
  16  0:42  Barracks  
  16  0:53  SCV  
  17  1:05  SCV  
  18  1:23  Command Center  
  18  1:27  SCV  
  18  1:32  Supply Depot  
  19  1:37  Refinery  
  19  1:43  Marine  
  19  1:45  SCV  
  21  1:51  Refinery  
  21  2:05  Orbital Command  
  21  2:20  Barracks Tech Lab  
  21  2:33  SCV  
  22  2:42  SCV  
  23  2:48  Combat Shield  
  23  2:51  SCV  
  24  2:57  Barracks  
  24  2:58  Factory  
  24  3:03  Orbital Command  
  24  3:05  SCV  
  25  3:25  Marauder  
  25  3:26  SCV  
  28  3:29  SCV  
  29  3:38  SCV  
  30  3:41  SCV  
  30  3:42  Barracks  
  30  3:45  Starport, Barracks Reactor  
  31  3:51  Barracks  
  31  3:52  SCV  
  32  3:58  SCV  
  33  4:06  Refinery  
  33  4:09  SCV  
  34  4:10  SCV, Refinery  
  34  4:13  Stimpack  
  35  4:30  Marine x2, Marauder  
  39  4:46  Marine  
  39  4:47  Marine  
  39  4:49  Medivac  
  45  4:53  Hellion  
  45  5:00  Bunker  
  45  5:03  Marine  
  46  5:14  Supply Depot  
  46  5:24  Marine, Marauder  
Show
View Real Time Build Order
Export as new Build Order

ShenZu Protoss 

Build Orders: 1 Gate Expand 

Get SALT Encoding   

  12  0:00  Probe  
  13  0:13  Probe  
  14  0:19  Pylon  
  14  0:25  Probe (Chrono Boost)  
  15  0:39  Probe (Chrono Boost)  
  15  0:40  Gateway  
  16  0:44  Probe (Chrono Boost)  
  16  0:49  Assimilator  
  17  0:59  Probe  
  18  1:11  Probe  
  19  1:23  Probe  
  20  1:31  Nexus  
  20  1:42  Cybernetics Core  
  20  1:49  Assimilator  
  20  1:52  Pylon, Probe  
  21  2:04  Probe  
  22  2:16  Adept (Chrono Boost), Probe  
  22  2:20  Warp Gate  
  25  2:28  Probe  
  26  2:40  Robotics Facility  
  26  2:43  Probe (Chrono Boost)  
  26  2:44  Probe (Chrono Boost)  
  28  2:53  Probe (Chrono Boost)  
  28  2:54  Gateway  
  28  2:56  Probe (Chrono Boost)  
  30  2:58  Gateway  
  30  2:59  Probe  
  30  3:04  Probe  
  32  3:11  Probe  
  33  3:16  Probe  
  34  3:26  Probe  
  34  3:27  Sentry, Immortal (Chrono Boost)  
  35  3:31  Probe  
  42  3:36  Pylon  
  42  3:38  Probe  
  43  3:43  Probe  
  44  3:49  Zealot  
  44  3:53  Pylon  
  44  3:54  Zealot, Probe  
  49  4:02  Immortal (Chrono Boost)  
  53  4:09  Probe  
  54  4:11  Probe  
  54  4:13  Assimilator  
  54  4:16  Assimilator, Pylon  
  55  4:22  Zealot, Probe  
  58  4:32  Zealot x2  
  58  4:37  Probe  
  63  4:43  Forge  
  63  4:44  Twilight Council  
  63  4:46  Zealot  
  63  4:52  Probe x2  
  67  5:04  Probe x2  
  69  5:16  Probe  
  69  5:17  Probe  
  69  5:24  Gateway  
  63  5:30  Zealot x3  
Show
View Real Time Build Order
Export as new Build Order

atFree Terran 

Build Orders:  

Get SALT Encoding   

  12  0:00  SCV  
  13  0:12  SCV  
  14  0:21  Supply Depot  
  14  0:24  SCV  
  15  0:36  Refinery  
  15  0:46  Barracks  
  15  0:48  SCV  
  16  1:00  SCV  
  17  1:12  SCV  
  18  1:24  Barracks  
  18  1:27  SCV  
  19  1:33  Barracks Reactor  
  19  1:40  Orbital Command  
  19  1:46  Barracks  
  19  2:06  SCV  
  20  2:09  Marine x2  
  20  2:15  Supply Depot  
  22  2:16  Barracks Tech Lab  
  22  2:19  SCV  
  23  2:38  Command Center  
  23  2:39  Marine  
  23  2:42  Barracks Reactor  
  24  2:44  Marine  
  24  2:50  Marine  
  26  2:57  Marine  
  27  3:03  Marine  
  28  3:08  Marine  
  28  3:12  Refinery  
  29  3:15  Marine  
  29  3:19  Marine  
  31  3:35  Supply Depot  
  31  3:49  Marine x4  
  31  3:50  SCV  
  31  3:51  Supply Depot  
  31  3:54  Orbital Command  
  36  4:02  SCV  
  37  4:16  Refinery  
  37  4:19  Factory  
  37  4:20  SCV x2  
  39  4:28  Marine x2  
  41  4:32  SCV, Factory  
  42  4:40  Marine x3, Engineering Bay  
  45  4:52  Marine  
  45  4:53  Marine  
  45  4:54  SCV x2  
  49  5:06  SCV  
  50  5:19  Marine x3  
  50  5:20  Marine x2  
  55  5:21  Factory Tech Lab x2  
  55  5:23  SCV x2  
  57  5:35  SCV  
Tags
 
Add a new tag
Caveats
  • Supply blocks, unpowered buildings, or Contaminate may cause inaccurate times.
  • Supply counts are checked every 10 seconds.